 Dungeon Crawl Stone Soup version 0.24-a0-447-ge8da9206dc (webtiles) character file.

Game seed: 10851989956664846994

2226 gruber the Changer (level 8, 0/66 HPs)
             Began as a Demigod Transmuter on June 25, 2019.
             Slain by an orc warrior
             ... wielding a +0 short sword
              (15 damage)
             ... on level 6 of the Dungeon.
             The game lasted 00:18:03 (9120 turns).

gruber the Changer (Demigod Transmuter)             Turns: 9120, Time: 00:18:04

Health: 0/66       AC:  2    Str: 13    XL:     8   Next: 90%
Magic:  5/14       EV: 19    Int: 21    God:
Gold:   143        SH:  0    Dex: 21    Spells: 1/11 levels left

rFire    . . .     SeeInvis .     - Unarmed
rCold    . . .     Gourm    .   (shield currently unavailable)
rNeg     . . .     Faith    .   (armour currently unavailable)
rPois    x         Spirit   .   (helmet currently unavailable)
rElec    .         Reflect  .   (cloak currently unavailable)
rCorr    .         Harm     .   (gloves currently unavailable)
MR       .....                  (boots currently unavailable)
Stlth    ++........             (no amulet)
HPRegen  0.21/turn              (no ring)
MPRegen  0.14/turn              (no ring)

@: spider-form
A: tiny, high mp 1
a: End Transformation


You were on level 6 of the Dungeon.
You were not hungry.
You were a venomous arachnid creature.
You visited 1 branch of the dungeon, and saw 7 of its levels.

You collected 290 gold pieces.
You spent 147 gold pieces at shops.

Inventory:

Missiles
 a - 82 arrows
 h - 48 poisoned darts (quivered)
 i - 2 curare-tipped darts
 y - a throwing net
Armour
 b - a +2 leather armour of cold resistance
 v - a +0 helmet (melded)
 x - a +2 animal skin (melded)
 z - a +0 cloak (melded)
Jewellery
 o - an uncursed ring of stealth
Wands
 C - a wand of random effects (16)
Scrolls
 c - 3 scrolls of teleportation
 e - 3 scrolls of enchant armour
 g - 2 scrolls of fog {unknown}
 j - a scroll of blinking {unknown}
 k - 3 scrolls of amnesia
 m - a scroll of immolation {unknown}
 p - 6 scrolls of remove curse
 t - 2 scrolls of identify
 w - a scroll of enchant weapon {unknown}
 A - a scroll of noise {unknown}
Potions
 f - 4 potions of brilliance {unknown}
 l - 2 potions of flight {unknown}
 n - 4 potions of mutation {unknown}
 q - 3 potions of degeneration {unknown}
 r - 3 potions of curing
 s - 2 potions of ambrosia {unknown}
 u - a potion of resistance
 B - a potion of heal wounds {unknown}
Comestibles
 d - 5 rations


   Skills:
 * Level 4.2 Fighting
 - Level 1.7 Dodging
 - Level 7.0 Unarmed Combat
 - Level 2.0 Spellcasting
 - Level 7.1 Transmutations
 - Level 3.4 Ice Magic
 - Level 1.2 Poison Magic


You had one spell level left.
You knew the following spells:

 Your Spells              Type           Power        Failure   Level  Hunger
a - Beastly Appendage     Tmut           ####..       4%          1    #......
b - Sticks to Snakes      Tmut           ####....     6%          2    ##.....
c - Spider Form           Tmut/Pois      ###.......   22%         3    ###....
d - Ice Form              Ice/Tmut       ###.....     36%         4    #####..

Your spell library contained the following spells:

 Spells                   Type           Power        Failure   Level  Hunger
 Blade Hands              Tmut           ####......   43%         5    ######.


Dungeon Overview and Level Annotations

Branches:
Dungeon (7/15)
 Temple: D:4-7

Shops:
D:5 :   D:6 *[(


Innate Abilities, Weirdness & Mutations

You have an increased reservoir of magic. (+10% MP)


Message History

Your ball python bites the orc warrior but does no damage.
Your ball python constricts the orc warrior.
Your ball python barely misses the orc warrior.
Your ball python bites the orc warrior but does no damage.
The orc warrior misses you.
You hit the orc warrior.
The orc warrior is lightly wounded.
Your ball python bites the orc warrior but does no damage.
Your ball python constricts the orc warrior.
Your ball python bites the orc warrior but does no damage. x2
The orc warrior hits you with a +0 short sword!
* * * LOW HITPOINT WARNING * * *
Your ball python bites the orc warrior but does no damage.
Your ball python constricts the orc warrior.
You catch the helpless orc warrior completely off-guard!
You hit the orc warrior.
The orc warrior is poisoned.
The orc warrior is moderately wounded.
Your ball python bites the orc warrior but does no damage. x2
The orc warrior hits you with a +0 short sword!
You die...

#....#.###..##..##.##........
##[......#..##..######........
#...##.......##.#####.........
#...###..#####..##.##.........
##...##..#.##..........<...###
##.......................####
##..#.......................
##........SS...........)...
#........so........#......
#........S.<.......#......
##.....>..........##.<.....
##................###.......
#...............###.........
##....#.....................
#.....##.#..#.........(.....
##...########.....#.........
##### ##.....##...........


You could see an orc warrior and 3 friendly ball pythons.

Vanquished Creatures
  A troll (D:6)
  Sigmund (D:3)
  A hungry ghost (D:6)
  An orc warrior (D:6)
  2 sky beasts
  2 ogres
  A bullfrog (D:2)
  A gnoll sergeant (D:6)
  A scorpion (D:6)
  2 howler monkeys
  3 crimson imps
  2 hounds
  3 jellies
  A bullfrog skeleton (D:4)
  A centaur skeleton (D:7)
  4 orc priests
  3 orc wizards
  3 iguanas
  4 worker ants
  2 hound skeletons
  Robin (D:3)
  3 gnolls
  8 adders
  3 oozes
  An adder zombie (D:6)
  A worm (D:3)
  A dart slug (D:1)
  2 leopard geckos
  17 orcs
  2 ball pythons (D:2)
  9 bats
  6 giant cockroaches
  16 goblins
  16 hobgoblins
  4 jackals (D:5)
  4 kobolds
  A quokka (D:3)
  4 frilled lizards
  9 rats
147 creatures vanquished.

Vanquished Creatures (collateral kills)
  A hippogriff (D:6)
  2 worms (D:2)
  2 orcs
5 creatures vanquished.

Grand Total: 152 creatures vanquished

Notes
Turn   | Place    | Note
-------+----------+-------------------------------------------
     0 | D:1      | gruber the Demigod Transmuter began the quest for the Orb.
     0 | D:1      | Reached XP level 1. HP: 15/15 MP: 5/5
   401 | D:1      | Reached skill level 1 in Fighting
   401 | D:1      | Reached XP level 2. HP: 4/23 MP: 5/7
   969 | D:1      | Learned a level 2 spell: Sticks to Snakes
  1764 | D:1      | Reached XP level 3. HP: 28/28 MP: 6/8
  1769 | D:1      | Learned a level 3 spell: Spider Form
  1890 | D:2      | Found a sacrificial altar of Ru.
  1942 | D:2      | Found a glowing golden altar of the Shining One.
  2003 | D:2      | Found a radiant altar of Vehumet.
  2110 | D:2      | Noticed a bullfrog
  2253 | D:2      | Found a blossoming altar of Fedhas.
  2427 | D:2      | Found an iron altar of Okawaru.
  2427 | D:2      | Found a bloodstained altar of Trog.
  2475 | D:2      | Killed a bullfrog
  2475 | D:2      | Reached skill level 1 in Poison Magic
  2475 | D:2      | Reached XP level 4. HP: 28/35 MP: 5/9
  2843 | D:3      | Reached XP level 5. HP: 38/40 MP: 8/10
  2998 | D:3      | Noticed Sigmund
  3106 | D:3      | Noticed Robin
  3608 | D:3      | Killed Robin
  3825 | D:3      | Killed Sigmund
  3825 | D:3      | Reached skill level 5 in Unarmed Combat
  3825 | D:3      | Reached XP level 6. HP: 47/47 MP: 11/11
  4107 | D:3      | Found a hide-covered altar of Uskayaw.
  4816 | D:4      | Found an opulent altar of Gozag.
  4880 | D:4      | Found a deep blue altar of Sif Muna.
  5244 | D:5      | Entered Level 5 of the Dungeon
  5270 | D:5      | Reached XP level 7. HP: 52/52 MP: 9/13
  5599 | D:5      | Found a stormy altar of Qazlal.
  5601 | D:5      | Found a burning altar of Makhleb.
  5603 | D:5      | Found a shattered altar of Ashenzari.
  5603 | D:5      | Found a hazy altar of Hepliaklqana.
  5727 | D:5      | Learned a level 4 spell: Ice Form
  5811 | D:5      | Found Omashreju's Book Boutique.
  5830 | D:5      | Reached skill level 1 in Ice Magic
  6383 | D:5      | Found a shattered altar of Ashenzari.
  6693 | D:6      | Found Jot Ceti's Antique Weapon Emporium.
  6726 | D:6      | Noticed a troll
  6839 | D:6      | Found Joebunid's General Store.
  6847 | D:6      | Bought a potion of curing for 42 gold pieces
  6847 | D:6      | Bought a scroll of enchant armour for 105 gold pieces
  6860 | D:6      | Reached skill level 5 in Transmutations
  6860 | D:6      | Reached XP level 8. HP: 45/59 MP: 11/14
  7212 | D:6      | Got a faintly glowing lajatang
  7216 | D:6      | Identified the +4 lajatang of Guunerah {speed, *Contam
                  | Dex+5} (You found it on level 6 of the Dungeon)
  7233 | D:6      | Killed a troll
  7444 | D:6      | Found Zoikucvamoz's Antique Armour Shop.
  8170 | D:7      | Noticed a hippogriff
  8258 | D:6      | Killed a hippogriff
  9120 | D:6      | Slain by an orc warrior

Levels and vault maps discovered:
D:1:      ncdulo_smallfort, layout_rooms, serial_co_window_serial,
          co_window_of_opportunity_a, co_window_paths_a, co_window_corner_a,
          co_window_of_opportunity_a, co_window_of_opportunity_a,
          co_window_corner_b, co_window_corner_cb, co_window_of_opportunity_c,
          co_window_paths_c, co_window_corner_ca, co_window_of_opportunity_b,
          co_window_paths_e
D:2:      layout_loops_ring, gammafunk_temple_overflow_elements,
          overflow_temple_1_default, lemuel_crystal_altar,
          overflow_temple_1_default, fedhas_altar_4
D:3:      layout_rooms, marbit_many_paths, serial_bayou_ford_a, uniq_sigmund,
          uniq_robin
D:4:      wander_river, layout_cave_pools, grunt_gozag_breadcrumbs,
          kennysheep_mini, first_ration, serial_co_window_serial,
          co_window_paths_a, co_window_corner_a, co_window_paths_a,
          co_window_corner_a, co_window_corner_a, co_window_paths_c,
          co_window_corner_b, co_window_of_opportunity_c, co_window_broadway_a,
          co_window_broadway_a, co_window_2corner, co_window_corner_b,
          glass_columns_a, glass_columns_a, glass_columns_c, glass_columns_b
D:5:      layout_loops_corners, grunt_temple_overflow_open, basic_altar,
          serial_shops, kennysheep_little_box
D:6:      layout_cave_pools, serial_shops, nicolae_shop_waterfront, shop,
          shop_statue
D:7:      layout_cave_pools, minmay_temple_entry_water_ring,
          nemelex_lonely_heart_becter

Skill      XL: |  1  2  3  4  5  6  7  8 |
---------------+-------------------------+-----
Spellcasting   | 2 |  2.0
Unarmed Combat | 3 4 5 6 7 |  7.0
Fighting       | 1 4 |  4.2
Transmutations | 2 3 4 5 7 |  7.1
Poison Magic   | 1 |  1.2
Ice Magic      | 3 |  3.4
Dodging        | |  1.7

Action                   |  1- 3 |  4- 6 |  7- 9 || total
-------------------------+-------+-------+-------++-------
Melee: Unarmed           |   140 |   164 |   210 ||   514
       Headbutt          |     8 |       |       ||     8
       Punch             |     2 |     1 |     2 ||     5
       Kick              |    12 |    12 |     3 ||    27
Throw: Dart              |       |     4 |     8 ||    12
 Cast: Beastly Appendage |    27 |    12 |     2 ||    41
       Sticks to Snakes  |     3 |     2 |     9 ||    14
       Spider Form       |     1 |    19 |    26 ||    46
  Use: Scroll            |       |       |     4 ||     4
       Potion            |       |       |     2 ||     2
 Stab: Sleeping          |     2 |     3 |     1 ||     6
       Distracted        |       |       |     2 ||     2
  Eat: Chunk             |     5 |    12 |    12 ||    29
       Ration            |       |       |     2 ||     2
Armor: Robe              |    12 |     4 |       ||    16
       Skin              |       |     6 |     9 ||    15
       Animal skin       |       |    13 |    10 ||    23
Dodge: Dodged            |    68 |   120 |   171 ||   359

Table legend:
 A = Non-vault XP
 B = Vault XP
 C = Vault XP percentage of total XP
 D = Non-vault monster count
 E = Vault monster count
 F = Vault count percentage of total count
                 A         B        C        D         E       F
            +---------+---------+-------+---------+---------+-------
      Total |    2909 |     271 |   8.5 |     139 |      13 |   8.6
            +---------+---------+-------+---------+---------+-------
        D:1 |      52 |       0 |   0.0 |      28 |       0 |   0.0
        D:2 |     149 |      12 |   7.5 |      27 |       7 |  20.6
        D:3 |     157 |     259 |  62.3 |      23 |       6 |  20.7
        D:4 |     230 |       0 |   0.0 |       9 |       0 |   0.0
        D:5 |     469 |       0 |   0.0 |      20 |       0 |   0.0
        D:6 |    1469 |       0 |   0.0 |      20 |       0 |   0.0
        D:7 |     383 |       0 |   0.0 |      12 |       0 |   0.0
            +---------+---------+-------+---------+---------+-------
